 Dungeon Crawl Stone Soup version 0.24.0-125-gc4c63601f3 (webtiles) character file.

Game seed: 9243962676982690122, levelgen mode: deterministic

4100 Peloso the Blocker (level 10, -6/86 HPs)
             Began as a Minotaur Fighter on Feb 27, 2020.
             Was a Priest of Okawaru.
             Splashed by an oklob plant's acid (10 damage)
             ... on level 8 of the Dungeon.
             The game lasted 00:14:29 (7129 turns).

Peloso the Blocker (Minotaur Fighter)               Turns: 7129, Time: 00:14:29

Health: -6/86      AC:  0    Str: 22    XL:     10   Next: 6%
Magic:  0/9        EV:  6    Int:  5    God:    Okawaru [***...]
Gold:   590        SH: 12    Dex: 12    Spells: 9/9 levels left

rFire    . . .     SeeInvis .   a - +0 long sword
rCold    . . .     Gourm    .   c - +0 shield
rNeg     . . .     Faith    .   m - +0 plate armour
rPois    .         Spirit   +   (helmet restricted)
rElec    .         Reflect  .   s - scarf {Spirit}
rCorr    .         Harm     .   (no gloves)
MR       .....                  u - +1 pair of boots {Stlth+}
Stlth    ..........             (no amulet)
HPRegen  0.24/turn              (no ring)
MPRegen  0.11/turn              (no ring)

@: corroded
A: retaliatory headbutt, horns 2
a: Heroism, Renounce Religion


You were on level 8 of the Dungeon.
You worshipped Okawaru.
Okawaru was most pleased with you.
You were not hungry.

You visited 2 branches of the dungeon, and saw 9 of its levels.

You collected 590 gold pieces.

Inventory:

Hand Weapons
 a - a +0 long sword (weapon)
 b - the +7 spear "Tukugh" {vamp, +Blink +Fly rC+}
   (You found it on level 5 of the Dungeon)

   It inflicts no extra harm, but heals its wielder when it wounds a living foe.
   It protects you from cold.
   It lets you fly.
   It lets you blink.
 A - the +5 whip "Fial" {venom, MR+}
   (You found it on level 7 of the Dungeon)

   It poisons the flesh of those it strikes.
   It affects your resistance to hostile enchantments.
Armour
 c - a +0 shield (worn)
 k - a +0 chain mail
 m - a +0 plate armour (worn)
 s - a scarf of spirit shield (worn)
 u - a +1 pair of boots of stealth (worn)
Wands
 p - a wand of polymorph (2)
 t - a wand of iceblast (10)
Scrolls
 e - 3 scrolls of teleportation {unknown}
 i - 5 scrolls of remove curse {unknown}
 j - 15 scrolls of identify {unknown}
 l - 3 scrolls of enchant armour {unknown}
 n - 2 scrolls of immolation {unknown}
 o - a scroll of enchant weapon {unknown}
 q - a scroll of random uselessness {unknown}
 r - a scroll of fog {unknown}
 v - a scroll of amnesia {unknown}
 w - a scroll of magic mapping {unknown}
 y - a scroll of noise {unknown}
Potions
 d - 2 potions of might
 g - 2 potions of degeneration
 h - 6 potions of curing
 x - a potion of invisibility {unknown}
 z - a potion of magic
 C - a potion of cancellation {unknown}
Comestibles
 f - 15 rations
 B - a chunk of flesh


   Skills:
 + Level 7.0 Fighting
 + Level 9.1 Long Blades
 + Level 6.3 Polearms
 + Level 8.4 Armour
 + Level 2.1 Dodging
 + Level 1.2 Stealth
 + Level 9.7 Shields


You had 9 spell levels left.
You didn't know any spells.
Your spell library contained the following spells:

 Spells                   Type           Power        Failure   Level  Hunger
 Animate Skeleton         Necr           N/A          100%        1    ##.....
 Apportation              Tloc           #.....       100%        1    ##.....
 Confusing Touch          Hex            #.....       100%        1    ##.....
 Summon Small Mammal      Summ           #...         100%        1    ##.....
 Malign Gateway           Summ/Tloc      #.........   100%        7    #######
 Monstrous Menagerie      Summ           #.........   100%        7    #######
 Summon Greater Demon     Summ           #.........   100%        7    #######
 Summon Horrible Things   Summ           #.........   100%        8    #######


Dungeon Overview and Level Annotations

Branches:
Dungeon (8/15)             Temple (1/1) D:6
   Lair: D:8-11

Altars:
Ashenzari
Cheibriados
Dithmenos
Elyvilon
Fedhas
Gozag
Hepliaklqana
Kikubaaqudgha
Makhleb
Nemelex Xobeh
Okawaru
Qazlal
Ru
Sif Muna
Trog
Uskayaw
Vehumet
Wu Jian
Xom
Yredelemnul
Zin
The Shining One

Annotations:
D:8 exclusion: 2 oklob plants


Innate Abilities, Weirdness & Mutations

You reflexively headbutt those who attack you in melee.
You have a pair of horns on your head.


Message History

You hit the oklob plant. You headbutt the oklob plant.
The oklob plant is severely damaged.
The oklob plant spits acid at you. The splash of acid hits you.
You are splashed with acid.
Unknown command.
You hit the oklob plant but do no damage.
You headbutt the oklob plant, but do no damage.
The oklob plant is severely damaged.
The oklob plant spits acid at you. The splash of acid hits you!
The acid corrodes you!
You are splashed with acid!
* * * LOW HITPOINT WARNING * * *
Unknown command.
You hit the oklob plant but do no damage.
You headbutt the oklob plant, but do no damage.
The oklob plant is severely damaged.
The oklob plant spits acid at you. The splash of acid hits you!
* * * LOW HITPOINT WARNING * * *
The acid corrodes you!
You are splashed with acid!
You die...

#.... #.... #.###
♣♣♣ #####...
♣♣.♣♣♣♣#....#
♣♣♣♣♣.♣.♣♣......####
♣P♣..♣.♣♣.♣.....#...
♣$..♣♣♣.♣.♣#........
♣%_@♣ ♣♣.♣♣#........
♣♣%$P♣♣.♣.♣#####.###
♣♣♣♣♣♣♣.♣♣ #.... ♣♣♣
#.... #.... #....
##### . ..


You could see 2 oklob plants.

Vanquished Creatures
  A centaur warrior (D:8)
  A water moccasin (D:5)
  A hornet zombie (D:7)
  3 ice beasts
  2 eyes of draining (D:8)
  A phantom (D:7)
  2 orc warriors (D:8)
  A sky beast (D:8)
  5 ogres
  2 centaurs
  Blork the orc (D:5)
  A gnoll sergeant (D:6)
  A wyvern zombie (D:8)
  3 killer bees (D:8)
  4 howler monkeys
  3 wights (D:6)
  A quasit (D:6)
  4 crimson imps (D:5)
  5 hounds
  5 orc priests
  7 orc wizards
  3 bullfrog skeletons
  An iguana (D:4)
  5 worker ants
  A hound zombie (D:7)
  A howler monkey zombie (D:8)
  2 worker ant zombies (D:5)
  4 gnolls
  A howler monkey skeleton (D:8)
  11 adders
  3 shadow imps
  An ooze (D:5)
  An adder skeleton (D:8)
  An adder zombie (D:5)
  A worm (D:3)
  A dart slug (D:2)
  6 leopard geckos
  30 orcs
  10 giant cockroaches
  11 goblins
  9 hobgoblins
  8 jackals (D:2)
  4 quokkas
  A ball python (D:2)
  9 bats
  5 frilled lizards
  8 kobolds
  A leopard gecko skeleton (D:5)
  2 quokka skeletons
  5 rats
200 creatures vanquished.

Vanquished Creatures (others)
  2 plants (D:8)
2 creatures vanquished.

Grand Total: 202 creatures vanquished

Notes
Turn   | Place    | Note
-------+----------+-------------------------------------------
     0 | D:1      | Peloso the Minotaur Fighter began the quest for the Orb.
     0 | D:1      | Reached XP level 1. HP: 19/19 MP: 0/0
   561 | D:1      | Reached XP level 2. HP: 27/27 MP: 1/1
  1256 | D:2      | Reached XP level 3. HP: 33/33 MP: 2/2
  1636 | D:2      | Reached XP level 4. HP: 39/40 MP: 3/3
  1643 | D:2      | Reached skill level 1 in Dodging
  2473 | D:3      | Reached skill level 5 in Shields
  2600 | D:3      | Reached XP level 5. HP: 12/46 MP: 4/4
  3684 | D:5      | Entered Level 5 of the Dungeon
  3688 | D:5      | Reached XP level 6. HP: 53/53 MP: 5/5
  3705 | D:5      | Noticed an ice beast
  3717 | D:5      | Killed an ice beast
  3717 | D:5      | Reached skill level 5 in Long Blades
  3895 | D:5      | Reached XP level 7. HP: 51/60 MP: 4/6
  3928 | D:5      | Reached skill level 5 in Armour
  3959 | D:5      | Noticed Blork the orc
  3967 | D:5      | Killed Blork the orc
  3967 | D:5      | Reached skill level 5 in Fighting
  4217 | D:5      | Reached skill level 1 in Stealth
  4278 | D:5      | Got a smoking spear
  4279 | D:5      | Identified the +7 spear "Tukugh" {vamp, +Blink +Fly rC+}
                  | (You found it on level 5 of the Dungeon)
  4610 | D:5      | Reached XP level 8. HP: 19/68 MP: 1/7
  4949 | D:6      | Found a staircase to the Ecumenical Temple.
  4965 | Temple   | Entered the Ecumenical Temple
  5016 | Temple   | Became a worshipper of Warmaster Okawaru
  5181 | D:6      | Reached skill level 1 in Polearms
  5222 | D:6      | Found a basalt altar of Yredelemnul.
  5593 | D:7      | Reached * piety under Okawaru
  5719 | D:7      | Reached XP level 9. HP: 52/74 MP: 6/8
  5992 | D:7      | Got an ancient whip
  5993 | D:7      | Identified the +5 whip "Fial" {venom, MR+} (You found it on
                  | level 7 of the Dungeon)
  6061 | D:8      | Noticed a centaur warrior
  6064 | D:8      | Reached skill level 5 in Polearms
  6315 | D:8      | Killed a centaur warrior
  6315 | D:8      | Reached ** piety under Okawaru
  6829 | D:8      | Reached *** piety under Okawaru
  6988 | D:8      | Found a sacrificial altar of Ru.
  7004 | D:8      | Reached XP level 10. HP: 84/84 MP: 0/9
  7117 | D:8      | Found a blossoming altar of Fedhas.
  7120 | D:8      | Noticed an oklob plant
  7120 | D:8      | Noticed an oklob plant
  7129 | D:8      | HP: 4/86 [oklob plant/splash of acid (9)]
  7129 | D:8      | Splashed by an oklob plant's acid

Levels and vault maps discovered:
D:1:      nzn_arrival_water_spiral, layout_basic
D:2:      minmay_diamond_boxcup, layout_basic, minmay_pentomino_v4
D:3:      layout_rooms, first_ration, grunt_ministairs_11
D:4:      minmay_wonky_spiral, layout_rooms
D:5:      layout_basic, minmay_diced_spiral, uniq_blork_the_orc
D:6:      layout_loops_cross, minmay_temple_entry_glassed_door,
          yredelemnul_altar_generic
D:7:      layout_rooms
D:8:      layout_gridville, nicolae_ru_awakened_eye, basic_altar,
          hangedman_ranch [blue_anna_fruit_fields], hangedman_tree_tricks,
          fedhas_altar_2
Temple:   nicolae_temple_the_god_donut

Skill      XL: |  1  2  3  4  5  6  7  8  9 10 |
---------------+-------------------------------+-----
Shields        | 4 5 6 7 8 9 |  9.7
Fighting       | 4 5 6 7 |  7.0
Long Blades    | 3 4 5 6 7 9 |  9.1
Dodging        | 1 2 |  2.1
Armour         | 4 5 7 8 |  8.4
Stealth        | 1 |  1.2
Polearms       | 4 6 |  6.3

Action                   |  1- 3 |  4- 6 |  7- 9 | 10-12 || total
-------------------------+-------+-------+-------+-------++-------
Melee: Long sword        |   125 |   170 |   206 |    34 ||   535
       Headbutt          |    16 |    32 |    79 |    12 ||   139
       Spear             |       |       |   184 |       ||   184
  Use: Potion            |       |     8 |       |       ||     8
  Eat: Chunk             |     2 |     7 |    12 |       ||    21
Armor: Scale mail        |    22 |       |       |       ||    22
       Chain mail        |    54 |    29 |       |       ||    83
       Plate armour      |       |    79 |   226 |    12 ||   317
Dodge: Dodged            |    39 |    31 |    74 |     7 ||   151
Block: Shield            |    97 |    98 |   232 |    19 ||   446
       Rpst.: Long sword |    11 |     8 |    15 |     3 ||    37
